 Dungeon Crawl Stone Soup version 0.31.0-9-g3a7656b989 (webtiles) character file.

Game seed: 3358486380393290353

122 EnegeticOcto the Ruffian (level 4, 45/45 HPs)
             Began as a Troll Monk on Jan 31, 2024.
             Quit the game on level 3 of the Dungeon.
             The game lasted 00:01:11 (1839 turns).

EnegeticOcto the Ruffian (Troll Monk)               Turns: 1839, Time: 00:01:12

Health: 45/45      AC:  4    Str: 19    XL:     4   Next: 78%
Magic:  3/3        EV: 10    Int:  6    God:
Gold:   135        SH:  0    Dex: 14    Spells: 3/3 levels left

rFire   . .          .
                       - Unarmed
rCold   . . .        c - orb {light}
rNeg    . . .        a - +0 robe
rPois   .            (helmet restricted)
rElec   .            (no cloak)
rCorr   .            (gloves unavailable)
SInv    .            (boots unavailable)
Will    .....        (no amulet)
Stlth   +            (no ring)
HPRegen 1.07/turn    (no ring)
MPRegen 0.08/turn

%: no passive effects
@: glowing
A: large, unfitting armour, claws 3, regeneration 1, shaggy fur 1, tough skin 1
a: no special abilities


You were on level 3 of the Dungeon.
You visited 1 branch of the dungeon, and saw 3 of its levels.

You collected 135 gold pieces.

Inventory:

Armour
 a - a +0 robe (worn)
 c - an orb of light (worn)
Scrolls
 d - 3 scrolls of noise {unknown}
 f - a scroll of poison {unknown}
 h - a scroll of fog {unknown}
 j - 2 scrolls of identify {unknown}
 k - a scroll of silence {unknown}
 l - a scroll of vulnerability {unknown}
 m - a scroll of revelation {unknown}
 n - a scroll of torment {unknown}
 p - a scroll of amnesia {unknown}
Potions
 b - a potion of ambrosia
 e - a potion of lignification {unknown}
 g - a potion of enlightenment {unknown}
 i - a potion of resistance {unknown}
 o - a potion of magic {unknown}


   Skills:
 + Level 3.1 Fighting
 + Level 3.1 Dodging
 * Level 4.4 Unarmed Combat


You had 3 spell levels left.
You didn't know any spells.
Your spell library contained the following spells:

 Spells                   Type           Power      Damage    Failure   Level
 Call Canine Familiar     Summ           0%         N/A       83%         3
 Sigil of Binding         Hex            0%         N/A       83%         3
 Dimensional Bullseye     Hex/Tloc       0%         N/A       99%         4


Dungeon Overview and Level Annotations

Branches:
Dungeon (3/15) Zot: 16167

Altars:
Fedhas
Trog
The Shining One


Innate Abilities, Weirdness & Mutations

You are too large for most types of armour.
You have claws for hands.
Your natural rate of healing is unusually fast.
You are covered in fur. (AC +1)
You have tough skin. (AC +1)


Message History

You see here a jackal corpse.
You open the door.
There is an open door here.
Found 6 stones.
Found a stone staircase leading down.
You now have 101 gold pieces (gained 4).
You open the door.
There is an open door here.
Found a stone staircase leading up.
o - a sedimented coppery potion
p - a scroll labelled ERHACU GEALACS The ball python hisses angrily.
No reachable target in view!
No reachable target in view!
No reachable target in view!
No reachable target in view!
No reachable target in view!
No reachable target in view!
A ball python is nearby!
The ball python barely misses you.
You claw the ball python!
You kill the ball python!
No target in view!
No target in view!
Found a blossoming altar of Fedhas.
A hobgoblin comes into view.
The hobgoblin shouts!
A hobgoblin is nearby!
A hobgoblin is nearby!
A hobgoblin is nearby!
The hobgoblin hits you but does no damage.
You scratch the hobgoblin.
The hobgoblin is heavily wounded.
The hobgoblin hits you.
You claw the hobgoblin!
You kill the hobgoblin!
No target in view!
No target in view!
No target in view!
No target in view!
You now have 118 gold pieces (gained 17).
You open the door.
There is an open door here.
A hobgoblin comes into view.
The hobgoblin shouts!
A hobgoblin is nearby!
A hobgoblin is nearby!
A hobgoblin is nearby!
A hobgoblin is nearby!
You claw the hobgoblin!
You kill the hobgoblin!
No target in view!
No target in view!
No target in view!
No target in view!
A goblin comes into view. It is wielding a +0 club.
The goblin shouts!
A goblin is nearby!
A goblin is nearby!
The goblin hits you with a +0 club.
You scratch the goblin.
You kill the goblin!
No target in view!
No target in view!
No target in view!
You now have 135 gold pieces (gained 17).
Things that are here:
a +0 club; a goblin corpse
Found a stone staircase leading down.
j - 2 scrolls labelled DICKUT WEURRA (gained 1)
Found a faded altar of an unknown god.
There is an open door here.
You open the door.
There is an open door here.
You open the door.
There is an open door here.
A rat comes into view.
The rat squeaks loudly.
A rat is nearby!
You claw the rat!
You kill the rat!
No target in view!
No target in view!
No target in view!
No target in view!
No target in view!
No target in view!
No target in view!
There is an open door here.
As you open the door, it creaks loudly!
There is an open door here.
You enter the shallow water.
You enter the shallow water.
Why would you want to do that? Why would you want to do that?
Why would you want to do that?
There is a faded altar of an unknown god here.
This altar belongs to (a) Hepliaklqana, (b) Dithmenos or (c) Jiyva, but you can't tell which.
Press the corresponding letter to learn more about a god, or press enter to convert or escape to cancel.
Okay, then.
Are you sure you want to abandon this character and quit the game? (Confirm with "yes".)

#.>.....'....#
######.......######
#.~...~......~#
#.~~≈~.~...~.~#
#.~~≈≈≈≈≈~~~≈~#
#..~~≈≈~≈≈≈~..#
#..~~~~~≈≈≈~~.#
#~.~≈≈♣~~≈≈≈.~#
#~≈~~≈.@.~≈≈~~#
#~.~~~~♣♣~≈≈.~#
....~≈≈≈≈ ≈≈~~.#
###.~≈≈≈≈≈≈ ≈~..#
#.~~≈~≈~~~≈~~.#
#~~...~~..~~..#
#...~.. ...#
#######


There were no monsters in sight!

Vanquished Creatures
  4 gnolls (D:2)
  An adder (D:3)
  A dart slug (D:1)
  4 orcs (D:3)
  7 endoplasms
  3 giant cockroaches
  8 hobgoblins
  10 jackals
  2 quokkas
  7 ball pythons
  2 bats
  4 frilled lizards
  3 goblins
  4 kobolds
  2 rats
62 creatures vanquished.

Notes
Turn   | Place    | Note
-------+----------+-------------------------------------------
     0 | D:1      | EnegeticOcto the Troll Monk began the quest for the Orb.
     0 | D:1      | Reached XP level 1. HP: 22/22 MP: 0/0
   250 | D:1      | Reached XP level 2. HP: 27/29 MP: 1/1
   700 | D:1      | Reached XP level 3. HP: 36/36 MP: 2/2
   889 | D:2      | Reached skill level 4 in Unarmed Combat
   892 | D:2      | Reached XP level 4. HP: 27/44 MP: 3/3
   911 | D:2      | Reached skill level 3 in Dodging
  1121 | D:2      | Reached skill level 3 in Fighting
  1583 | D:3      | Found a bloodstained altar of Trog.
  1601 | D:3      | Found a glowing golden altar of the Shining One.
  1686 | D:3      | Found a blossoming altar of Fedhas.
  1754 | D:3      | Found a faded altar of an unknown god.
  1839 | D:3      | Quit the game

Illustrated notes

Levels and vault maps discovered:
D:1:      onia_arrival_mini_spirals, layout_basic
D:2:      layout_loops_ring, minmay_misc_feat_tiny
D:3:      layout_basic, mainiacjoe_overflow_brackets,
          mainiacjoe_overflow_catwalk_spiral, chequers_ecumenical_altar_island

Skill      XL: |  1  2  3  4 |
---------------+-------------+-----
Unarmed Combat | 4 |  4.4
Dodging        | 3 |  3.1
Fighting       | 3 |  3.1

Action                     |  1- 3 |  4- 6 || total
---------------------------+-------+-------++-------
  Melee: Unarmed           |    60 |    53 ||   113
 Armour: Robe              |    27 |    33 ||    60
  Dodge: Dodged            |    18 |    30 ||    48

Table legend:
 A = Kills in this place as a percentage of kills in the entire game.
 B = Kills by you in this place as a percentage of kills by you in the entire game.
 C = Kills by friends in this place as a percentage of kills by friends in the entire game.
 D = Other kills in this place as a percentage of other kills in the entire game.
 E = Experience gained in this place as a percentage of experience gained in the entire game.
 F = Experience gained in this place divided by the number of levels of this place that you have seen.
                   A       B       C       D       E      F
               +-------+-------+-------+-------+-------+----------------------
         Total | 100.0 | 100.0 |   N/A |   N/A | 100.0 |  58.3
       Dungeon | 100.0 | 100.0 |   N/A |   N/A | 100.0 |  58.3
               +-------+-------+-------+-------+-------+----------------------

Table legend: (Time is in decaauts)
 A = Elapsed time spent in this place.
 B = Non-inter-level travel time spent in this place.
 C = Inter-level travel time spent in this place.
 D = Time resting spent in this place.
 E = Time spent auto-exploring this place.
 F = Levels seen in this place.
 G = Mean time per level.
                   A        B        C        D        E       F      G
               +--------+--------+--------+--------+--------+-----+--------+
         Total |   1832 |   1738 |     94 |     16 |   1401 |   3 |  610.7 |
       Dungeon |   1832 |   1738 |     94 |     16 |   1401 |   3 |  610.7 |
               +--------+--------+--------+--------+--------+-----+--------+

Top non-repeatable levels by time:
     D:1: 845 daAuts
     D:2: 702 daAuts
     D:3: 285 daAuts
